Cogmind - Beta 9.6 @@@ ROGUE MODE // 2020.06.01 @ 02:30:42 Player: pGoos Result: Destroyed by G-47 Trooper with Particle Gun Performance ------------- Evolutions (2) 1000 Regions Visited (7) 1400 Robots Destroyed (10) 50 Value Destroyed (206) 206 Prototype IDs (0) 0 Alien Tech Used (0) 0 Bonus (249) 249 TOTAL SCORE: 2905 Bonus ------- Pacifist 200 Follower Combat Kills 49 Cogmind --------- Core Integrity 0/550 Matter 270/300 Energy 95/100 System Corruption 0% Temperature Cool (9) Movement Core (50) Location -8/Storage Parts ------- > --- POWER (1) -------- (None) > --- PROPULSION (4) --- (None) > --- UTILITY (4) ------ (None) > --- WEAPON (2) ------- Heavy Mace > --- INVENTORY (4) ---- Improved ECM Suite Peak State ------------ > --- POWER ------------ Light Deuterium Engine > --- PROPULSION ------- Carbon-fiber Leg Cesium-ion Thruster > --- UTILITY ---------- Advanced Sensor Array Advanced Terrain Scanner Improved ECM Suite > --- WEAPON ----------- Scythe > --- INVENTORY -------- Maneuvering Thrusters Mining Laser Mining Laser [Rating: 21] Favorites ----------- Power Light Ion Engine Engine Light Ion Engine Propulsion Flight Unit Leg Carbon-fiber Leg Wheel Armored Wheel Hover Unit Backup Propulsion I Flight Unit Flight Unit Utility Improved Terrain Scanner Device Improved Terrain Scanner Weapon Backup Laser I Energy Gun Backup Laser I Launcher Grenade Launcher Special Weapon Mining Laser Impact Weapon Heavy Mace Slashing Weapon Mining Claw Build | -11 -10 -9 -9 -9 -8 -8 -8 ------- Run | Scr Mat Mat Min Exi Min Mat Sto Slots Evolved 4 | . . 2 . . . 2 . Power . | . . . . . . . . Propulsion 2 | . . 2 . . . . . Utility 2 | . . . . . . 2 . Weapon . | . . . . . . . . Parts Attached 36 | 2 1 7 1 . 6 16 3 Power 9 | . 1 1 . . 2 4 1 Engine 9 | . 1 1 . . 2 4 1 Core . | . . . . . . . . Reactor . | . . . . . . . . Propulsion 7 | 2 . 1 . . 2 2 . Treads . | . . . . . . . . Leg 3 | 2 . . . . . 1 . Wheel 1 | . . . . . 1 . . Hover . | . . . . . . . . Flight 3 | . . 1 . . 1 1 . Utility 8 | . . . . . 1 6 1 Device 8 | . . . . . 1 6 1 Storage . | . . . . . . . . Processor . | . . . . . . . . Hackware . | . . . . . . . . Protection . | . . . . . . . . Artifact . | . . . . . . . . Weapon 12 | . . 5 1 . 1 4 1 Energy Gun 1 | . . 1 . . . . . Energy Cannon . | . . . . . . . . Ballistic Gun . | . . . . . . . . Ballistic Cannon . | . . . . . . . . Launcher 1 | . . 1 . . . . . Special Weapon 6 | . . 1 1 . 1 3 . Impact Weapon 1 | . . . . . . . 1 Slashing Weapon 3 | . . 2 . . . 1 . Piercing Weapon . | . . . . . . . . Special Melee Weapon . | . . . . . . . . Unidentified Prototypes . | . . . . . . . . Parts Lost 19 | . . 7 . . . 10 2 Power 3 | . . 1 . . . 1 1 Propulsion 7 | . . 3 . . . 4 . Utility 3 | . . . . . . 2 1 Weapon 6 | . . 3 . . . 3 . Highest Loss Streak 7 | . . 7 . . . 5 2 Average Slot Usage (%) 43 | . 58 46 16 11 31 55 12 Engine 5 | . 10 6 . . . 7 2 Leg 2 | . 8 . . . . 3 . Wheel 1 | . . . . . 2 3 . Hover 4 | . 20 13 . . . . . Flight 7 | . . 6 . . 9 11 . Device 8 | . . . . . 7 19 6 Energy Gun 5 | . 20 14 4 . . . . Special Weapon 4 | . . . 1 . 9 6 . Slashing Weapon 3 | . . 3 11 11 1 4 . Naked Turns 18 | . . 18 . . . . . Heaviest Build 11 | . 5 6 3 2 4 11 11 Greatest Support 20 | 20 12 12 3 3 4 15 3 Greatest Overweight (x) 3 | . . 1 . . . 3 3 Average Overweight (x) . | . . . . . . . . Largest Inventory Capacity 4 | 4 4 4 4 4 4 4 4 Average Capacity 4 | 4 4 4 4 4 4 4 4 Most Carried 4 | 4 4 3 4 4 4 4 2 Average Carried 2 | 3 3 2 3 4 3 2 1 Final Capacity 4 | 4 4 4 4 4 4 4 4 Final Carried 4 | 4 4 3 4 4 4 1 1 Class Distribution -------------------- 100% | Mutant Dominant Class ---------------- Mutant | -10/Materials Mutant | -9/Materials Mutant | -9/Mines Mutant | -9/Exiles Mutant | -8/Mines Mutant | -8/Materials Mutant | -8/Storage Resources | -11 -10 -9 -9 -9 -8 -8 -8 ----------- Run | Scr Mat Mat Min Exi Min Mat Sto Matter Collected 456 | 220 . 28 21 . 72 115 . Remotely . | . . . . . . . . Salvage Created 177 | . . 164 . . 13 . . Parts 18 | . . 16 . . 2 . . Haulers Intercepted . | . . . . . . . . Recyclers Shooed . | . . . . . . . . Parts Field Recycled . | . . . . . . . . Retrieved Matter . | . . . . . . . . Parts Self-Destructed . | . . . . . . . . Prevented . | . . . . . . . . Kills | -11 -10 -9 -9 -9 -8 -8 -8 ------- Run | Scr Mat Mat Min Exi Min Mat Sto Combat Hostiles Destroyed 8 | . . 6 . . 1 1 . Melee 2 | . . 1 . . 1 . . Cannons 1 | . . . . . . 1 . AOE 5 | . . 5 . . . . . Classes Destroyed 5 | . . 5 . . . . . Recycler 1 | . . 1 . . . . . Watcher 1 | . . 1 . . . . . Swarmer 5 | . . 4 . . 1 . . Grunt 1 | . . 1 . . . . . Sentry 2 | . . 1 . . . 1 . Best Kill Streak 8 | . . 8 . . 1 1 . Combat Bots Only 6 | . . 6 . . 1 1 . Max Kills in Single Turn 7 | . . 7 . . 1 1 . Gunslinging . | . . . . . . . . Exploded 5 | . . 5 . . . . . Melee 1 | . . 1 . . 1 . . Uniques/NPCs Destroyed . | . . . . . . . . Combat | -11 -10 -9 -9 -9 -8 -8 -8 -------- Run | Scr Mat Mat Min Exi Min Mat Sto Damage Taken 1574 | . 40 371 . . 30 857 276 Core 742 | . . 155 . . 30 330 227 Absorbed by Shields . | . . . . . . . . Core Remaining (%) 84 | 100 100 . . . 53 . . Volleys Fired 23 | . 1 11 . . . 11 . Largest 2 | . 2 1 . . . 2 . Hottest 200 | . 60 30 . . . 200 . Shots Fired 30 | . 2 11 . . . 17 . Gun 12 | . 2 10 . . . . . Cannon . | . . . . . . . . Launcher 1 | . . 1 . . . . . Special 17 | . . . . . . 17 . Kinetic . | . . . . . . . . Thermal 29 | . 2 10 . . . 17 . Explosive 1 | . . 1 . . . . . Electromagnetic . | . . . . . . . . Robot Hit Streak 4 | . 2 4 . . . 2 . Robot Miss Streak 4 | . . 2 . . . 4 . Penetration Max . | . . . . . . . . Secondary Targets . | . . . . . . . . Shots Hit Robots 25 | . 2 10 . . 2 6 5 Core Hits 13 | . . 10 . . 1 1 1 Critical Hits . | . . . . . . . . Critical Kills . | . . . . . . . . Critical Parts Destroyed . | . . . . . . . . Melee Attacks 52 | . . 6 . . 4 33 9 Impact 9 | . . . . . . . 9 Slashing 43 | . . 6 . . 4 33 . Piercing . | . . . . . . . . Sneak Attacks 5 | . . 2 . . 1 2 . Combat Hostiles . | . . . . . . . . Follow-up Attacks . | . . . . . . . . Damage Inflicted 1060 | . 17 519 . . 92 310 122 Guns 64 | . 17 47 . . . . . Cannons . | . . . . . . . . Explosions 287 | . . 287 . . . . . Melee 589 | . . 185 . . 92 190 122 Ramming . | . . . . . . . . Kinetic . | . . . . . . . . Thermal 184 | . 17 47 . . . 120 . Explosive 287 | . . 287 . . . . . Electromagnetic . | . . . . . . . . Impact 122 | . . . . . . . 122 Slashing 467 | . . 185 . . 92 190 . Piercing . | . . . . . . . . Highest Corruption . | . . . . . . . . Average Corruption . | . . . . . . . . Corruption Purged . | . . . . . . . . Overload Shots . | . . . . . . . . Overflow Damage 189 | . . 35 . . 29 125 . Projectiles . | . . . . . . . . Explosions 6 | . . 6 . . . . . Melee 183 | . . 29 . . 29 125 . Knockbacks 1 | . . . . . . . 1 Impact 1 | . . . . . . . 1 Kinetic . | . . . . . . . . Secondary . | . . . . . . . . Self-Inflicted Damage 22 | . . 22 . . . . . Shots 1 | . . 1 . . . . . Rammed 1 | . . 1 . . . . . Targets Rammed 1 | . . 1 . . . . . Kicked . | . . . . . . . . Crushed . | . . . . . . . . Highest Temperature 52 | . . 2 . . . 52 . Average Temperature 20 | . . 2 . . . 20 . Received Heat Transfer 432 | . 21 78 . . . 270 63 Siege Activations . | . . . . . . . . Robots Corrupted . | . . . . . . . . Combat Hostiles . | . . . . . . . . Parts Fried . | . . . . . . . . Impact Corruptions . | . . . . . . . . Robots Melted . | . . . . . . . . Combat Hostiles . | . . . . . . . . Parts Melted 2 | . . . . . 2 . . Heat Transferred 509 | . 74 185 . . . 250 . Parts Sabotaged . | . . . . . . . . Parts Stolen . | . . . . . . . . Parts Stripped . | . . . . . . . . Power Chain Reactions . | . . . . . . . . Missiles Intercepted . | . . . . . . . . Alert | -11 -10 -9 -9 -9 -8 -8 -8 ------- Run | Scr Mat Mat Min Exi Min Mat Sto Peak Influence 177 | . 15 177 69 . 101 161 14 Average Influence 67 | . 6 85 69 . 60 90 8 Maximum Alert Level . | . . . . . . . . Low Security (%) 100 | 100 100 100 100 . 100 100 100 Level 1 . | . . . . . . . . Level 2 . | . . . . . . . . Level 3 . | . . . . . . . . Level 4 . | . . . . . . . . Level 5 . | . . . . . . . . High Security . | . . . . . . . . Max Security . | . . . . . . . . Squads Dispatched 2 | . 1 1 . . . . . Investigation 1 | . 1 . . . . . . Extermination . | . . . . . . . . Reinforcement 1 | . . 1 . . . . . Assault . | . . . . . . . . Garrison . | . . . . . . . . Intercept . | . . . . . . . . Construction Impeded . | . . . . . . . . Haulers Reinforced . | . . . . . . . . Stealth | -11 -10 -9 -9 -9 -8 -8 -8 --------- Run | Scr Mat Mat Min Exi Min Mat Sto Distress Signals 6 | . . 2 . . . 4 . Communications Jammed . | . . . . . . . . Distress Signals . | . . . . . . . . Times Spotted 68 | . 3 20 2 . 3 37 3 Peak Tracking Total 15 | . 2 12 3 . 3 15 3 Tactical Retreats 11 | . . 1 2 . . 7 1 Traps | -11 -10 -9 -9 -9 -8 -8 -8 ------- Run | Scr Mat Mat Min Exi Min Mat Sto Traps Triggered . | . . . . . . . . Indirectly . | . . . . . . . . Trap Hack Attempts . | . . . . . . . . Triggered . | . . . . . . . . Disarmed 9 | . 3 . . . . 6 . Reprogrammed . | . . . . . . . . Reused . | . . . . . . . . Traps Extracted . | . . . . . . . . Installed . | . . . . . . . . Triggered . | . . . . . . . . Machines | -11 -10 -9 -9 -9 -8 -8 -8 ---------- Run | Scr Mat Mat Min Exi Min Mat Sto Machines Disabled 1 | . . . . . . 1 . Max in Single Turn 1 | . . . . . . 1 . Machines Sabotaged . | . . . . . . . . Garrisons Compromised . | . . . . . . . . Overloaded Fab Kills . | . . . . . . . . Fab Network Shutdowns . | . . . . . . . . Hacking | -11 -10 -9 -9 -9 -8 -8 -8 --------- Run | Scr Mat Mat Min Exi Min Mat Sto Machines Accessed 10 | . 4 1 . . . 3 2 Terminals 7 | . 2 1 . . . 3 1 Fabricators . | . . . . . . . . Repair Stations 1 | . 1 . . . . . . Recycling Units 2 | . 1 . . . . . 1 Scanalyzers . | . . . . . . . . Garrison Access . | . . . . . . . . Total Hacks 25 | . 8 3 . . . 10 4 Successful 18 | . 6 2 . . . 7 3 Failed 7 | . 2 1 . . . 3 1 Catastrophic 1 | . . . . . . 1 . Database Lockouts . | . . . . . . . . Manual . | . . . . . . . . Terminals 22 | . 6 3 . . . 10 3 Fabricators . | . . . . . . . . Repair Stations 1 | . 1 . . . . . . Recycling Units 2 | . 1 . . . . . 1 Scanalyzers . | . . . . . . . . Garrison Access . | . . . . . . . . Terminal Hacks 15 | . 4 2 . . . 7 2 Branch Access Points 1 | . . . . . . . 1 Emergency Access Points 2 | . . . . . . 2 . Alert Level 1 | . . 1 . . . . . Locate Traps 2 | . 1 . . . . 1 . Disarm Traps 2 | . 1 . . . . 1 . Dispatch Records 1 | . . 1 . . . . . Maintenance Status 1 | . . . . . . 1 . Security Status 1 | . 1 . . . . . . Transport Status 1 | . . . . . . 1 . Zone Layout 3 | . 1 . . . . 1 1 Fabricator Hacks . | . . . . . . . . Repair Station Hacks 1 | . 1 . . . . . . Refit 1 | . 1 . . . . . . Recycling Unit Hacks 2 | . 1 . . . . . 1 Report Inventory 2 | . 1 . . . . . 1 Scanalyzer . | . . . . . . . . Garrison Access Hacks . | . . . . . . . . Unauthorized Hacks . | . . . . . . . . Terminals . | . . . . . . . . Fabricators . | . . . . . . . . Repair Stations . | . . . . . . . . Recycling Units . | . . . . . . . . Scanalyzers . | . . . . . . . . Garrison Access . | . . . . . . . . Data Cores Recovered . | . . . . . . . . Used . | . . . . . . . . Hacking Detections 6 | . 2 1 . . . 2 1 Full Trace Events 1 | . 1 . . . . . . Feedback Events . | . . . . . . . . Feedback Blocked . | . . . . . . . . Robot Schematics Acquired . | . . . . . . . . Robots Built . | . . . . . . . . Matter . | . . . . . . . . Time . | . . . . . . . . Total Robot Build Rating . | . . . . . . . . Part Schematics Acquired . | . . . . . . . . Parts Built . | . . . . . . . . Matter . | . . . . . . . . Time . | . . . . . . . . Total Part Build Rating . | . . . . . . . . Parts Repaired . | . . . . . . . . Time . | . . . . . . . . Parts Recycled . | . . . . . . . . Recycled Matter . | . . . . . . . . Retrieved Matter . | . . . . . . . . Retrieved Components . | . . . . . . . . Parts Scanalyzed . | . . . . . . . . Part Schematics Acquired . | . . . . . . . . Parts Damaged . | . . . . . . . . Bothacking | -11 -10 -9 -9 -9 -8 -8 -8 ------------ Run | Scr Mat Mat Min Exi Min Mat Sto Used RIF Installer . | . . . . . . . . Robots Hacked . | . . . . . . . . Non-combat . | . . . . . . . . Combat . | . . . . . . . . Robot Hacks Applied . | . . . . . . . . Relay Couplers Released . | . . . . . . . . Robots Rewired . | . . . . . . . . Allies Hacked . | . . . . . . . . Hacks Repelled . | . . . . . . . . Allies | -11 -10 -9 -9 -9 -8 -8 -8 -------- Run | Scr Mat Mat Min Exi Min Mat Sto Total Allies 3 | . . . 3 . . . . Largest Group 3 | . . . 3 3 3 . . Highest-Rated Group 40 | . . . 40 40 40 . . Highest-Rated Ally 16 | . . . 16 16 16 . . Total Orders . | . . . . . . . . Ally Attacks 25 | . . . . . 25 . . Total Damage 299 | . . . . . 299 . . Kills 4 | . . . . . 4 . . Allies Corrupted . | . . . . . . . . Allies Melted . | . . . . . . . . Intel | -11 -10 -9 -9 -9 -8 -8 -8 ------- Run | Scr Mat Mat Min Exi Min Mat Sto Robot Analysis Total . | . . . . . . . . Derelict Logs Recovered 1 | . . . 1 . . . . Drone Launches . | . . . . . . . . Drone Recoveries . | . . . . . . . . Exploration | -11 -10 -9 -9 -9 -8 -8 -8 ------------- Run | Scr Mat Mat Min Exi Min Mat Sto Turns Passed 1389 | 39 144 264 95 34 225 513 75 Spaces Moved 1650 | 61 198 283 167 32 439 394 76 Core 667 | 59 75 156 167 32 22 80 76 Treads . | . . . . . . . . Legs 4 | 2 . . . . . 2 . Wheels . | . . . . . . . . Hover 250 | . 123 127 . . . . . Flight 729 | . . . . . 417 312 . Fastest Speed 40 | 50 50 50 50 50 40 40 50 Average Speed 56 | 52 66 61 50 50 41 66 58 Slowest Speed 200 | 120 76 100 50 50 50 200 200 Overloaded Moves . | . . . . . . . . Propulsion Burnouts . | . . . . . . . . Robots Hopped 1 | . . . . . 1 . . Cave-ins Triggered . | . . . . . . . . Exploration Rate (%) 35 | 4 38 25 51 8 95 42 17 Regions Visited 7 Branch Regions 4 Pre-discovered Areas . | . . . . . . . . Known Exits Taken 1 | . . . . . . 1 . Unknown Exits Taken 6 | 1 1 1 1 1 1 . . Scrap Searched 2 | . . . 1 . 1 . . Spaces Dug 42 | . . 2 . . . 38 2 Terrain Destroyed 56 | . . 12 . . . 42 2 Melee 35 | . . 2 . . . 31 2 Projectile 11 | . . . . . . 11 . AOE 10 | . . 10 . . . . . Actions | -11 -10 -9 -9 -9 -8 -8 -8 --------- Run | Scr Mat Mat Min Exi Min Mat Sto Total 1966 | 66 213 349 178 49 471 549 91 Wait 164 | . . 37 9 18 17 83 . Move 1641 | 60 197 282 166 31 436 393 76 Hop 1 | . . . . . 1 . . Pick Up 17 | 4 6 2 . . 2 2 1 Fast Attach 16 | 2 . 1 . . 4 7 2 Attach 16 | . . 6 1 . 1 7 1 Detach 13 | . . 3 2 . 2 5 1 Swap 4 | . 1 . . . 1 2 . Drop 18 | . 8 . . . 3 6 1 Fire 23 | . 1 11 . . . 11 . Melee 52 | . . 6 . . 4 33 9 Ram 1 | . . 1 . . . . . Kick . | . . . . . . . . Crush . | . . . . . . . . Escape Stasis . | . . . . . . . . Rewire . | . . . . . . . . Trap . | . . . . . . . . Miscellaneous . | . . . . . . . . Route ------- -11/Scrapyard -10/Materials -9/Materials -9/Mines -9/Exiles -8/Mines (discovered 2 exits: *Mat x2) -8/Materials -8/Storage (discovered 1 exit: Rec) History --------- Turn | Location | Event 7 | -11/Scrapyard | Discovered new exit (range 16) 40 | -11/Scrapyard | Entered Materials 168 | -10/Materials | Discovered new exit (range 8) 184 | -10/Materials | Entered another Materials area 184 | -9/Materials | Evolved 2 slots: Propulsion x2 300 | -9/Materials | Build established: Mutant 383 | -9/Materials | Lost 7 parts (1p3n3w) 440 | -9/Materials | Discovered new exit (range 5) 448 | -9/Materials | Entered Mines 519 | -9/Mines | Assisted by bots powering up and referring to "LRC-V3" 529 | -9/Mines | Deemed a non-threat by the Exiles lab entrance 530 | -9/Mines | Discovered new exit (range 5) 543 | -9/Mines | Entered Exiles 543 | -9/Exiles | Accompanied by 3 allies 551 | -9/Exiles | Discovered new exit (range 15) 577 | -9/Exiles | Entered Mines 577 | -8/Mines | Accompanied by 3 allies 684 | -8/Mines | Discovered new exit (range 10) 801 | -8/Mines | Discovered new exit (range 4) 802 | -8/Mines | Entered Materials 802 | -8/Materials | Evolved 2 slots: Utility x2 803 | -8/Materials | Identified exit to Storage 1269 | -8/Materials | Lost 3 parts (2u1w) 1296 | -8/Materials | Core integrity fell below 50% 1315 | -8/Materials | Entered Storage 1321 | -8/Storage | Identified exit to Recycling 1337 | -8/Storage | Lost 5 parts (1p2n2w) 1379 | -8/Storage | Core integrity fell below 20% 1390 | -8/Storage | Destroyed by G-47 Trooper with Particle Gun Last Messages --------------- Found 1 branch access point: (65,66) Recycling Map updated. >>Layout(Zone) Retrieving Zone 5F layout... Downloaded map data. 01322_ Connecting with Recycling Unit... >>Recycling(Report) Matter reserves: 0 Inventory: Empty 01332_ Acquired Adv. Terrain Scanner. 01334_ Dropped Maneuvering Thrusters. 01337_ Acquired Hvy. Mace. 01344_ K-01 Serf collects debris. 01354_ Acquired Imp. Ion Engine. 01355_ K-01 Serf cleans the Transfer Shaft. 01356_ K-01 Serf collects debris. 01372_ Imp. Ion Engine destroyed. 01372_ Adv. Terrain Scanner destroyed. 01387_ L-31 Rogue knocked back. Map ----- +----------------------------------------------------+ | | | ???????????????????????????? | | ???????????????????????????? | | ???????????????????????????? | | ???????????????????????????? | | ???????????????????????????? | | ???????????????????????????? | | ???????????????????????????? | | ???????????????????????????? | | ???#???????????????????????? | | ???????????????????????????? | | ???????????????????????????? | | ???????????????????????????? | | ???????????????????????????? | | ???????????????????????????? | | ???????????????????????????? | | ??????? ???????????????????? | | ????#???"??????????????????? | | ?????? ????????????????????? | | ??????#???#????????????????? | | #??????????????????????????? | | ???????????????????????????? | | ?????? ??????????????#?????? | | ???????????????????????????? | | ??###?????#????????????????? | | ?##@#?#????????????????????? | | ##g######?????????#????????? | | #l ! ######+##/? ?"?????? | | # ! + / ???????????? | | # ]# # ""? #????????? | | # [ # #??"" #????????? | | # # # """ #????????? | | # + / #????????? | | # # # """ / ?? | | # # #??"" # ? ?????? | | # # #???? #????????? | | # # #? ??????????? | | # * # #??????????????? | | ######### #??????????????? | | # # #??????????????? | | #[ # #??????????????? | | # # #??????????????? | | # + #???????????"??? | | # !| # #???#??????????? | | # # #??????????????? | | # + #??????????????? | | # [ # #??????????????? | | # # #??????????????? | | # # #??????????????? | | # [ # #???#??????????? | +----------------------------------------------------+ Best States ------------- Heat Dissipation 31 Energy Generation 14 Energy Capacity 265 Matter Stores 300 Matter Capacity 300 Sight Range 16 Robot Scan Range 16 Terrain Scan Range 20 Terrain Scan Density 10 ECM Strength 2 Evasion (%) 67 Item Schematics ----------------- None Robot Schematics ------------------ None Fabricated ------------ Nothing Alien Tech Used ----------------- None Achievements -------------- Quick And Dirty Challenges ------------ None Game ------ Seed KineticHardenedThrusters Manual? 0 Play Time 00:40:48 Cumulative 26.4 hours Start 2020.06.01 @ 01:48:14 End 2020.06.01 @ 02:30:42 Sessions 1 Manual Loads 0 Difficulty Rogue Special Mode None Game No. 38 Rogue 38 Adventurer 0 Explorer 0 Win Type - Total 0 Types 0/0/0/0/0/0/0 Lore% 20 Gallery% 24 Achievement% 18 Wizard Run 0 Options --------- ASCII 0 Keyboard 0 Movement Mouse Keybinds 0 Fullscreen 2 Font 24/Terminus Map View 113x50 Tactical HUD 1 Map Filters NONE Filters NONE Steam 1 RUN: a15395d1-7669-4b81-a1e4-dda654c6f225